 Dungeon Crawl Stone Soup version 0.26.1-2-gb8aa6d0cf2 (webtiles) character file.

Game seed: 8850420390225898421

354 Gabide the Chucker (level 6, -4/46 HPs)
             Began as a Human Hunter on Mar 1, 2021.
             Was a Follower of Zin.
             Killed by divine providence
             ... invoked by an orc priest
              (15 damage)
             ... on level 4 of the Dungeon.
             The game lasted 00:10:51 (4490 turns).

Gabide the Chucker (Human Hunter)                   Turns: 4490, Time: 00:10:51

Health: -4/46      AC:  8    Str: 14    XL:     6   Next: 95%
Magic:  6/6        EV: 10    Int: 11    God:    Zin [*.....]
Gold:   105        SH:  0    Dex: 10    Spells: 5/5 levels left

rFire    . . .     SeeInvis .   f - +3 battleaxe (freeze)
rCold    + + .     Faith    .   (shield currently unavailable)
rNeg     + + .     Spirit   .   g - +2 scale mail
rPois    .         Reflect  .   (no helmet)
rElec    .         Harm     .   (no cloak)
rCorr    .         Rampage  .   (no gloves)
Will     .....                  (no boots)
Stlth    ..........             e - amulet of magic regeneration
HPRegen  0.15/turn              i - ring of protection from cold
MPRegen  0.35/turn              m - ring of Faxus {rC+ rN++ Dex-4} (curse)

@: no status effects
A: no striking features
a: Renounce Religion, Recite, Donate Gold


You were on level 4 of the Dungeon.
You worshipped Zin.
Zin was aware of your devotion.
You visited 2 branches of the dungeon, and saw 5 of its levels.

You collected 116 gold pieces.
You donated 11 gold pieces to Zin.

Inventory:

Hand Weapons
 f - a +3 battleaxe of freezing (weapon)
Armour
 g - a +2 scale mail (worn)
 h - the cursed +0 chain mail of Pihote Qecav {Harm Dex+3, unknown}
   (You found it on level 4 of the Dungeon)

   It affects your dexterity (+3).
   It increases damage dealt and taken.
   It has a curse placed upon it.
Jewellery
 e - an amulet of magic regeneration (around neck)
 i - a ring of protection from cold (left hand)
 m - the cursed ring of Faxus (right hand) {rC+ rN++ Dex-4}
   (You took it off an orc wizard on level 4 of the Dungeon)

   [ring of dexterity]

   It affects your dexterity (-4).
   It protects you from cold.
   It greatly protects you from negative energy.
   It has a curse placed upon it.
Potions
 a - a potion of invisibility {unknown}
 j - a potion of heal wounds {unknown}
 l - a potion of cancellation {unknown}


   Skills:
 + Level 2.4 Fighting
 * Level 2.1 Axes
 - Level 5.2 Throwing
 + Level 2.7 Armour
 + Level 2.7 Dodging
 - Level 1.0 Stealth
 + Level 2.9 Unarmed Combat


You had 5 spell levels left.
You didn't know any spells.
Your spell library contained the following spells:

 Spells                   Type           Power        Failure   Level
 Magic Dart               Conj           0%           82%         1
 Searing Ray              Conj           0%           91%         2
 Dazzling Flash           Conj/Hex       0%           99%         3
 Fulminant Prism          Conj/Hex       0%           100%        4
 Iskenderun's Mystic Bla  Conj/Tloc      0%           100%        4


Dungeon Overview and Level Annotations

Branches:
Dungeon (4/15)             Temple (1/1) D:4

Altars:
Cheibriados
Dithmenos
Elyvilon
Fedhas
Gozag
Hepliaklqana
Makhleb
Okawaru
Qazlal
Ru
Sif Muna
Trog
Uskayaw
Vehumet
Wu Jian
Yredelemnul
Zin


Message History

As you read the scroll of teleportation, it crumbles to dust.
You feel strangely unstable.
Your surroundings suddenly seem different.
An orc priest comes into view.
The orc priest shouts!
An orc comes into view.
It is wielding a +1 war axe of freezing.
The orc shouts!
An orc comes into view. It is wielding a +0 dagger.
An orc wizard comes into view. It is wielding a +0 dagger.
The orc wizard gestures wildly while chanting.
The orc wizard blinks!
The orc wizard moves out of view.
Okay, then.
Okay, then.
As you read the scroll of magic mapping, it crumbles to dust.
You feel aware of your surroundings.
The orc priest looks braver for a moment.
A sky beast comes into view.
The orc priest mumbles some strange prayers to Beogh against you.
Beogh smites you!
You die...

*,,,,,,,,,,,,,,,,*
*,,,,,,,,,,,,,,,,,
*,,,,,,,,,****,,,, *,,,,,,,,,*
*,,,, **###****,,,,,,,,,****,,,,
********,....,,,,,,,,,,,,,,,,,,,,
*,,,,**,,.....,**************,,,,
*,,,,**,,Y.....##############ยง.,,
,,,,,,,,>.......@.....oo.o...o.,,
*,,,,**,,......################**
*,,,,**,,.....,* *,,,,,*
,,,,,**,,....,,* *,,,,,*
,,,,,****###**** *,,,,,* ,,,***
*,,,,,, **** *>,,,,, *,,,,,,
*****,,


You could see a sky beast, an orc priest and an orc.

Vanquished Creatures
  2 wights (D:3)
  An orc priest (D:3)
  2 orc wizards
  A worker ant (D:4)
  A hound skeleton (D:4)
  6 adders
  An ooze (D:3)
  2 worms (D:3)
  2 dart slugs
  2 leopard geckos
  10 orcs
  2 ball pythons
  3 giant cockroaches
  8 goblins
  8 hobgoblins
  3 quokkas
  11 bats
  6 frilled lizards
  7 kobolds
  9 rats
87 creatures vanquished.

Notes
Turn   | Place    | Note
-------+----------+-------------------------------------------
     0 | D:1      | Gabide the Human Hunter began the quest for the Orb.
     0 | D:1      | Reached XP level 1. HP: 16/16 MP: 1/1
   276 | D:1      | Reached XP level 2. HP: 22/22 MP: 2/2
   805 | D:1      | Reached XP level 3. HP: 12/27 MP: 3/3
  1641 | D:2      | Reached skill level 1 in Armour
  1641 | D:2      | Reached XP level 4. HP: 33/33 MP: 4/4
  1688 | D:2      | Reached skill level 1 in Unarmed Combat
  1970 | D:2      | Reached skill level 5 in Throwing
  2516 | D:3      | Reached XP level 5. HP: 23/38 MP: 5/5
  3319 | D:3      | Reached XP level 6. HP: 8/43 MP: 6/6
  3760 | D:3      | Reached skill level 1 in Axes
  3991 | D:4      | Got an encrusted chain mail
  4018 | D:4      | Identified the cursed ring of Faxus {rC+ rN++ Dex-4}
  4025 | D:4      | Found a staircase to the Ecumenical Temple.
  4038 | Temple   | Entered the Ecumenical Temple
  4205 | Temple   | Became a worshipper of Zin the Law-Giver
  4266 | D:4      | Reached * piety under Zin
  4454 | D:4      | Found a radiant altar of Vehumet.
  4490 | D:4      | Noticed a sky beast
  4490 | D:4      | Killed from afar by an orc priest

Illustrated notes

Levels and vault maps discovered:
D:1:      roderic_crossed_star, layout_loops_ring,
          hangedman_abyss_or_decor_stabs, minmay_ruptured
D:2:      layout_basic, minmay_pentomino_q2
D:3:      layout_basic
D:4:      layout_basic, vehumet_altar_wand_db, minmay_temple_entry_sparse_star
Temple:   regret_index_temple_sphere_string

Skill      XL: |  1  2  3  4  5  6 |
---------------+-------------------+-----
Armour         | 1 2 |  2.7
Unarmed Combat | 1 2 |  2.9
Throwing       | 5 |  5.2
Axes           | 2 |  2.1
Fighting       | |  2.4
Dodging        | |  2.7
Stealth        | |  1.0

Action                   |  1- 3 |  4- 6 || total
-------------------------+-------+-------++-------
Melee: Unarmed           |    65 |   218 ||   283
       Punch             |       |     2 ||     2
       Battleaxe         |       |    46 ||    46
Throw: Javelin           |    32 |    20 ||    52
       Throwing net      |     4 |     5 ||     9
Invok: Recite            |       |     1 ||     1
  Use: Scroll            |     2 |    13 ||    15
       Potion            |       |     6 ||     6
Armor: Leather armour    |    31 |     6 ||    37
       Scale mail        |       |   106 ||   106
Dodge: Dodged            |    49 |   112 ||   161
